 Dungeon Crawl Stone Soup version 0.26.0-3-g156281e41b (webtiles) character file.

Game seed: 12431984501412087994

241 Froggeryz the Ruffian (level 6, 0/35 HPs)
             Began as a Gargoyle Wanderer on Jan 9, 2021.
             Slain by Grinder (2 damage)
             ... on level 3 of the Dungeon.
             The game lasted 00:03:30 (2773 turns).

Froggeryz the Ruffian (Gargoyle Wanderer)           Turns: 2773, Time: 00:03:31

Health: 0/35       AC: 13    Str: 16    XL:     6   Next: 8%
Magic:  6/6        EV:  6    Int: 11    God:
Gold:   162        SH:  0    Dex: 12    Spells: 5/5 levels left

rFire    . . .     SeeInvis .     - Unarmed
rCold    . . .     Faith    .   (no shield)
rNeg     + . .     Spirit   .   f - +0 chain mail (curse)
rPois    ∞         Reflect  .   (no helmet)
rElec    +         Harm     .   (no cloak)
rCorr    .         Rampage  .   (no gloves)
Will     .....                  (no boots)
Stlth    ..........             (no amulet)
HPRegen  0.11/turn              (no ring)
MPRegen  0.10/turn              (no ring)

@: no status effects
A: negative energy resistance 1, electricity resistance, unbreathing,
petrification resistance, miasma immunity, AC +4
a: no special abilities


You were on level 3 of the Dungeon.
You visited 1 branch of the dungeon, and saw 3 of its levels.

You collected 162 gold pieces.

Inventory:

Missiles
 i - 14 poisoned darts (quivered)
Armour
 f - a cursed +0 chain mail (worn)
 l - a +0 scale mail
Jewellery
 r - a cursed ring of fire {unknown}
Wands
 e - a wand of polymorph (6)
Scrolls
 b - 2 scrolls of fear
 g - a scroll of magic mapping
 m - a scroll of teleportation
 n - a scroll of identify
 p - a scroll of random uselessness {unknown}
 s - a scroll of immolation {unknown}
Potions
 a - a potion of heal wounds
 c - 2 potions of lignification
 d - a potion of resistance {unknown}
 h - 3 potions of brilliance
 j - a potion of cancellation {unknown}
 k - 2 potions of curing {unknown}
 o - 2 potions of haste {unknown}
 q - 2 potions of flight {unknown}


   Skills:
 - Level 2.1 Fighting
 - Level 1.7 Axes
 + Level 3.2 Armour
 - Level 2.1 Stealth
 - Level 1.5 Shields
 * Level 5.6 Unarmed Combat


You had 5 spell levels left.
You didn't know any spells.
Your spell library was empty.

Dungeon Overview and Level Annotations

Branches:
Dungeon (3/15)

Altars:
Xom

Annotations:
D:3 Grinder


Innate Abilities, Weirdness & Mutations

You are resistant to torment.
Your stone body is resilient. (AC +4)
You are immune to poison.
You resist negative energy. (rN+)
You are resistant to electric shocks. (rElec)
You can survive without breathing.
You are immune to petrification.
You are immune to miasma.


Message History

* * * LOW HITPOINT WARNING * * *
You closely miss Grinder.
Grinder is almost dead.
Grinder gestures at you. You resist with significant effort.
You hit Grinder.
Grinder is almost dead.
Grinder says, "There's only one good use for a tongue: cutting it out."
Grinder hits you but does no damage.
You hit Grinder but do no damage.
Grinder is almost dead.
Grinder hits you.
* * * LOW HITPOINT WARNING * * *
You writhe in agony.
* * * LOW HITPOINT WARNING * * *
You closely miss Grinder.
Grinder is almost dead.
Grinder says, "Mostly I couldn't keep them alive."
Grinder hits you.
You die...

##.######...##
##.## ##'## #.##
#.# .## #.# ##
####.###### #
#.........# #
#......##.# #
#.#...###.# .
...##.## #@# #
#.#
......5........
#.
.........#######
# ####.###### #.


You could see Grinder.

Vanquished Creatures
  A bullfrog (D:3)
  A crimson imp (D:3)
  A hound (D:2)
  Terence (D:2)
  3 adders (D:2)
  An ooze (D:1)
  2 worms (D:2)
  A dart slug (D:2)
  2 leopard geckos (D:2)
  11 bats
  4 giant cockroaches
  8 goblins
  5 hobgoblins (D:1)
  3 jackals (D:1)
  4 ball pythons
  4 frilled lizards
  A kobold (D:1)
  3 rats
56 creatures vanquished.

Notes
Turn   | Place    | Note
-------+----------+-------------------------------------------
     0 | D:1      | Froggeryz the Gargoyle Wanderer began the quest for the
                  | Orb.
     0 | D:1      | Froggeryz set off with the following items: a +0 club, a
                  | scroll of fear, 2 potions of lignification, a +0 robe, a
                  | potion of heal wounds, a +0 dagger
     0 | D:1      | Reached XP level 1. HP: 12/12 MP: 1/1
   133 | D:1      | Reached XP level 2. HP: 17/17 MP: 2/2
   341 | D:1      | Reached skill level 1 in Armour
   450 | D:1      | Reached XP level 3. HP: 20/21 MP: 3/3
   929 | D:2      | Noticed Terence
   972 | D:2      | Reached skill level 4 in Unarmed Combat
  1145 | D:2      | Killed Terence
  1146 | D:2      | Reached XP level 4. HP: 26/26 MP: 4/4
  1650 | D:2      | Reached XP level 5. HP: 11/30 MP: 5/5
  2064 | D:2      | Reached skill level 5 in Unarmed Combat
  2604 | D:3      | Found a shimmering altar of Xom.
  2673 | D:3      | Reached XP level 6. HP: 30/35 MP: 6/6
  2743 | D:3      | Noticed Grinder
  2752 | D:3      | Paralysed by Grinder for 6 turns
  2773 | D:3      | Slain by Grinder

Illustrated notes

Levels and vault maps discovered:
D:1:      sevenhm_arrival_forest_fort_small_3, layout_basic, st_stairs_12,
          dk_noncrumbling_2
D:2:      layout_loops_corners, uniq_terence
D:3:      layout_loops_corners, grunt_qazlal_clouds,
          nicolae_overflow_hidden_temple, amethyst_overflow_temple_binary,
          portal_sewer_entry_d, gammafunk_ghost_cemetery, led_xom_imps,
          uniq_grinder

Skill      XL: |  1  2  3  4  5 |
---------------+----------------+-----
Armour         | 1 2 3 |  3.2
Unarmed Combat | 4 5 |  5.6
Fighting       | |  2.1
Axes           | |  1.7
Stealth        | |  2.1
Shields        | |  1.5

Action                   |  1- 3 |  4- 6 || total
-------------------------+-------+-------++-------
Melee: Unarmed           |   127 |   209 ||   336
       Punch             |     1 |     3 ||     4
Throw: Dart              |     6 |       ||     6
  Use: Potion            |     1 |       ||     1
       Scroll            |       |     3 ||     3
Armor: Chain mail        |   116 |   107 ||   223
       Robe              |     2 |       ||     2
Dodge: Dodged            |    62 |    65 ||   127
